 Dungeon Crawl Stone Soup version 0.29.0-4-gdea44cf6ec (webtiles) character file.

Game seed: 64152952880736139

51 qw the Chopper (level 3, -1/21 HPs)
             Began as a Tengu Warper on Aug 28, 2022.
             Slain by a gnoll
             ... wielding a +0 flail
              (5 damage)
             ... on level 2 of the Dungeon.
             The game lasted 00:00:04 (784 turns).

qw the Chopper (Tengu Warper)                        Turns: 784, Time: 00:00:04

Health: -1/21      AC:  5    Str: 19    XL:     3   Next: 81%
Magic:  7/7        EV: 12    Int: 13    God:
Gold:   74         SH:  0    Dex: 13    Spells: 6/6 levels left

rFire   . . .      SeeInvis .   Y - +1 hand axe
rCold   . . .      Faith    .   (no shield)
rNeg    . . .      Spirit   .   b - +0 leather armour
rPois   .          Reflect  .   (helmet restricted)
rElec   .          Harm     .   (no cloak)
rCorr   .          Rampage  .   (no gloves)
Will    .....                   (boots unavailable)
Stlth   +.........              (no amulet)
HPRegen 0.07/turn               n - +6 ring of strength
MPRegen 0.10/turn               (no ring)

@: no status effects
A: beak, talons 3, iridescent scales 1, mutation resistance 1
a: no special abilities


You were on level 2 of the Dungeon.
You visited 1 branch of the dungeon, and saw 2 of its levels.

You collected 74 gold pieces.


Innate Abilities, Weirdness & Mutations

You have a beak for a mouth.
You have claws for feet.
You are partially covered in iridescent scales. (AC +2)
You are somewhat resistant to further mutation.


   Skills:
 - Level 2.0 Fighting
 + Level 4.4 Axes
 - Level 1.0 Throwing
 - Level 1.1 Armour
 - Level 2.1 Dodging
 - Level 2.0 Spellcasting
 - Level 2.4 Translocations


You had 6 spell levels left.
You didn't know any spells.
Your spell library contained the following spells:

 Spells                   Type           Power      Damage    Failure   Level
 Blink                    Tloc           14%        N/A       17%         2
 Gell's Gravitas          Tloc           7%         N/A       34%         3
 Lesser Beckoning         Tloc           7%         N/A       34%         3
 Teleport Other           Tloc           7%         N/A       34%         3
 Manifold Assault         Tloc           7%         N/A       97%         5

Inventory:

Hand Weapons
 h - a +0 mace
 Y - a +1 hand axe (weapon)
Armour
 b - a +0 leather armour (worn)
Jewellery
 n - a +6 ring of strength (left hand)
Potions
 f - a potion of mutation
 g - a potion of degeneration {unknown}
 i - a potion of haste {unknown}

Dungeon Overview and Level Annotations

Branches:
Dungeon (2/15)

Altars:


Message History

What level of the Dungeon? (default 1, ? - help)
You climb downwards.
The gnoll shouts!
The gnoll closely misses you. x2
There is a stone staircase leading up, spattered with blood here.
There are monsters nearby!
707 ||| STAIRDANCE The gnoll hits you from afar with a +0 halberd.
You climb upwards.
There is a stone staircase leading down here.
You closely miss the gnoll. You claw the gnoll, but do no damage.
The gnoll hits you with a +0 club.
You barely miss the gnoll. The gnoll closely misses you.
You hit the gnoll.
The gnoll is moderately wounded.
The gnoll hits you but does no damage.
You slash the gnoll! You claw the gnoll, but do no damage. You peck the gnoll.
You kill the gnoll!
You start resting.
HP restored.
Done exploring.
(D) Dungeon
Where to? (* - list waypoints, Enter - D:2, ? - help)
What level of the Dungeon? (default 1, ? - help)
You climb downwards.
The gnoll hits you with a +0 halberd! The gnoll misses you.
There is a stone staircase leading up, spattered with blood here.
You hit the gnoll.
The gnoll is moderately wounded.
You hit the gnoll. The gnoll hits you with a +0 halberd!
The gnoll closely misses you.
You hit the gnoll. You claw the gnoll.
You kill the gnoll!
You hit the gnoll. The gnoll hits you but does no damage.
You hit the gnoll. You claw the gnoll, but do no damage.
Your peck misses the gnoll.
The gnoll is severely wounded.
The gnoll hits you with a +0 flail.
You die...

.. ...#
.# ..# .
..# #...#
.#.# ..#
#####
#g#.....#
#@)...#
###...#
..# .# #


You could see a gnoll.

Vanquished Creatures
  3 gnolls
  An adder (D:1)
  A worm (D:1)
  An endoplasm (D:1)
  A goblin (D:1)
  2 ball pythons (D:1)
  3 bats (D:1)
  2 frilled lizards (D:1)
  A rat (D:1)
15 creatures vanquished.

Notes
Turn   | Place    | Note
-------+----------+-------------------------------------------
     0 | D:1      | qw the Tengu Warper began the quest for the Orb.
     0 | D:1      | Reached XP level 1. HP: 12/12 MP: 4/4
     0 | D:1      | 0 ||| qw: Version: 0.1-a-89-g26bdef1
     0 | D:1      | 0 ||| qw: Game counter: 125
     0 | D:1      | 0 ||| qw: Always use a shield: true
     0 | D:1      | 0 ||| qw: God list: Okawaru
     0 | D:1      | 0 ||| qw: Allow faded altars: false
     0 | D:1      | 0 ||| qw: Do Orc after D:15 true
     0 | D:1      | 0 ||| qw: Do second Lair branch before Depths: true
     0 | D:1      | 0 ||| qw: Lair rune preference: random
     0 | D:1      | 0 ||| qw: Plans: Normal
     0 | D:1      | 0 ||| PLANNING D:1-11
   118 | D:1      | 118 ||| DROPPING +0 club.
   228 | D:1      | Reached skill level 3 in Axes
   228 | D:1      | Reached XP level 2. HP: 14/17 MP: 6/6
   542 | D:1      | 542 ||| UPGRADING to +6 ring of strength.
   543 | D:1      | 543 ||| READING scroll labelled BIMMEU JEHU.
   544 | D:1      | 544 ||| READING scroll labelled MIEPSI ROASSUCO.
   545 | D:1      | 545 ||| READING scroll labelled ROPLYVYDAU.
   546 | D:1      | 546 ||| READING scroll labelled YBUVE YMIYXT.
   551 | D:1      | 551 ||| READING scroll labelled SORU FEEGH.
   552 | D:1      | 552 ||| READING scroll labelled DAULAO UROYLI.
   553 | D:1      | 553 ||| DRINKING 2 purple potions.
   553 | D:1      | Gained mutation: Your flesh is cold resistant. (rC+)
                  | [potion of mutation]
   553 | D:1      | Gained mutation: You are somewhat resistant to further
                  | mutation. [potion of mutation]
   553 | D:1      | Lost mutation: Your flesh is cold resistant. (rC+) [potion
                  | of mutation]
   553 | D:1      | Gained mutation: You are partially covered in iridescent
                  | scales. (AC +2) [potion of mutation]
   554 | D:1      | 554 ||| DROPPING scroll of blinking.
   563 | D:2      | 563 ||| STAIRDANCE
   698 | D:2      | 698 ||| STAIRDANCE
   703 | D:1      | Reached XP level 3. HP: 21/21 MP: 7/7
   705 | D:1      | Reached skill level 4 in Axes
   707 | D:2      | 707 ||| STAIRDANCE
   782 | D:2      | HP: 4/21 [gnoll/+0 halberd (8)]
   784 | D:2      | Slain by a gnoll

Levels and vault maps discovered:
D:1:      dpeg_arrival_three_smaller_balls, layout_rooms, serial_bayou_pond_d
D:2:      layout_basic, minmay_lizard_pond

Skill      XL: |  1  2  3 |
---------------+----------+-----
Axes           | 3 4 |  4.4
Fighting       | |  2.0
Throwing       | |  1.0
Armour         | |  1.1
Dodging        | |  2.1
Spellcasting   | |  2.0
Translocations | |  2.4

Action                   || total
-------------------------++-------
Melee: Hand axe          ||    31
       Kick              ||     9
       Peck              ||     4
       Punch             ||     1
Throw: Boomerang         ||     7
  Use: Scroll            ||     6
       Potion            ||     1
Armor: Leather armour    ||    13
Dodge: Dodged            ||    23

Table legend:
 A = Non-vault XP
 B = Vault XP
 C = Vault XP percentage of total XP
 D = Non-vault monster count
 E = Vault monster count
 F = Vault count percentage of total count
                 A         B        C        D         E       F
            +---------+---------+-------+---------+---------+-------
      Total |      73 |       0 |   0.0 |      15 |       0 |   0.0
            +---------+---------+-------+---------+---------+-------
        D:1 |      59 |       0 |   0.0 |      14 |       0 |   0.0
        D:2 |      14 |       0 |   0.0 |       1 |       0 |   0.0
            +---------+---------+-------+---------+---------+-------
